 Dungeon Crawl Stone Soup version 0.27.1-4-g1640c2035a (webtiles) character file.

Game seed: 5054592687931005968

287832 Urokeeper the Phalangite (level 19, -2/184 HPs)
             Began as a Minotaur Berserker on Nov 8, 2021.
             Was a High Priest of Trog.
             Shot with a bolt by a yaktaur captain (7 damage)
             ... on level 3 of the Vaults.
             The game lasted 02:55:46 (41305 turns).

Urokeeper the Phalangite (Minotaur Berserker)      Turns: 41305, Time: 02:55:47

Health: -2/184     AC: 40    Str: 34    XL:     19   Next: 87%
Magic:  18/18      EV: 16    Int: 14    God:    Trog [*****.]
Gold:   3804       SH:  0    Dex: 15    Spells: 18/18 levels left

rFire    . . .     SeeInvis .   O - +9 bardiche (protect)
rCold    + + .     Faith    .   (shield currently unavailable)
rNeg     + + .     Spirit   .   a - +1 plate armour {rC+}
rPois    +         Reflect  .   (helmet restricted)
rElec    .         Harm     .   g - +2 cloak {rPois}
rCorr    +         Rampage  +   y - +2 pair of gloves {Dex+3}
Will     +++..                  C - +2 pair of boots {rampage}
Stlth    ..........             Y - amulet of regeneration
HPRegen  2.40/turn              X - ring of Qaigej {rN++ AC+4 Int+7}
MPRegen  0.16/turn              q - ring "Kaodoigiab" {rCorr Str+6 Int+3}

@: mighty, strong-willed, corroded, under a protective aura, on berserk
cooldown, regenerating, slowed, very slow
A: horns 2, retaliatory headbutt, hooves 1, iridescent scales 1, cold resistance
1, MP-powered wands
}: 2/15 runes: decaying, gossamer
a: Renounce Religion, Berserk, Trog's Hand, Brothers in Arms


You were on level 3 of the Vaults.
You worshipped Trog.
Trog was extremely pleased with you.
You visited 6 branches of the dungeon, and saw 34 of its levels.
You visited 1 bazaar.
You also visited: Sewer, Ossuary and Bailey.

You collected 4584 gold pieces.
You spent 780 gold pieces at shops.

Inventory:

Hand Weapons
 p - the +9 trident "Iraxtin" {vorpal, rPois Dex+7}
   (You found it on level 7 of the Dungeon)

   It inflicts extra damage upon your enemies.
   Dex:       It affects your dexterity (+7).
   rPois:     It protects you from poison.
 G - a +2 vorpal bardiche
 O - a +9 bardiche of protection (weapon)
Missiles
 Z - 18 curare-tipped darts
Armour
 a - a +1 plate armour of cold resistance (worn)
 g - a +2 cloak of poison resistance (worn)
 y - a +2 pair of gloves of dexterity (worn)
 C - a +2 pair of boots of rampaging (worn)
Jewellery
 l - a ring of fire
 o - an amulet of the acrobat
 q - the ring "Kaodoigiab" (right hand) {rCorr Str+6 Int+3}
   (You found it on level 15 of the Dungeon)

   [ring of resist corrosion]

   Str:       It affects your strength (+6).
   Int:       It affects your intelligence (+3).
   rCorr:     It protects you from acid and corrosion.
 s - a +4 ring of evasion
 D - a ring of flight
 X - the ring of Qaigej (left hand) {rN++ AC+4 Int+7}
   (You found it on level 15 of the Dungeon)

   [ring of protection]

   AC:        It affects your AC (+4).
   Int:       It affects your intelligence (+7).
   rN:        It greatly protects you from negative energy.
 Y - an amulet of regeneration (around neck)
Wands
 b - a wand of flame (101)
 j - a wand of mindburst (14)
 m - a wand of iceblast (27) (quivered)
 K - a wand of paralysis (9)
 L - a wand of charming (10)
 Q - a wand of polymorph (24)
 U - a wand of acid (12)
 W - a wand of digging (4)
Scrolls
 c - 3 scrolls of fear
 e - 2 scrolls of magic mapping
 h - 5 scrolls of blinking
 i - 2 scrolls of fog
 k - a scroll of enchant weapon
 n - a scroll of brand weapon
 r - a scroll of silence
 v - 5 scrolls of holy word
 z - 3 scrolls of summoning
 B - 4 scrolls of immolation
 E - 3 scrolls of vulnerability
 F - 9 scrolls of teleportation
 S - 18 scrolls of identify
Potions
 d - a potion of cancellation
 f - 9 potions of curing
 t - 6 potions of flight
 u - 5 potions of haste
 w - 11 potions of heal wounds
 x - 8 potions of ambrosia
 A - 3 potions of mutation
 H - 3 potions of resistance
 I - a potion of berserk rage
 M - 5 potions of lignification
 P - a potion of invisibility
 R - a potion of magic
Miscellaneous
 N - a phantom mirror
 T - a condenser vane
 V - a tin of tremorstones (2/2)


   Skills:
 + Level 19.7 Fighting
 - Level 10.4 Long Blades
 - Level 4.3 Maces & Flails
 - Level 26.0 Polearms
 + Level 20.3 Armour
 + Level 14.3 Dodging


You had 18 spell levels left.
You didn't know any spells.
Your spell library was empty.

Dungeon Overview and Level Annotations

Branches:
Dungeon (15/15)            Temple (0/1) D:4            Lair (6/6) D:10
  Swamp (4/4) Lair:3       Spider (4/4) Lair:3        Slime (0/5) Lair:6
    Orc (2/2) D:11            Elf (0/3) Orc:2        Vaults (3/5) D:13
 Depths (0/5) D:15          Sewer (visited)         Ossuary (visited)
 Bailey (visited)
  Crypt: Vaults:2-3

Altars:
Ashenzari
Dithmenos
Fedhas
Hepliaklqana
Makhleb
Okawaru
Ru
Sif Muna
Uskayaw
Wu Jian
Yredelemnul
Beogh

Shops:
D:8 *   Orc:1 **   Orc:2 (=*[


Innate Abilities, Weirdness & Mutations

You have a pair of horns on your head.
You reflexively headbutt those who attack you in melee.
You have large cloven feet.
You are partially covered in iridescent scales. (AC +2)
Your flesh is cold resistant. (rC+)
You expend magic power (3 MP) to strengthen your wands.


Message History

The skeletal warrior closely misses you.
The ironbound convoker gestures at the yaktaur while chanting.
The yaktaur seems to grow stronger.
You completely miss the ironbound convoker.
You headbutt the ironbound convoker!
You kill the ironbound convoker!
Trog accepts your kill.
Trog appreciates your killing of a magic user.
You slice the vault sentinel!!
Your headbutt misses the vault sentinel.
The vault sentinel is heavily wounded.
You are no longer berserk.
You are exhausted.
You feel yourself slow down.
The vault sentinel blows a loud note on a signal horn!
The yaktaur wields a +0 arbalest.
The yaktaur shoots a bolt.
The bolt hits you but does no damage.
The yaktaur captain shoots a bolt.
The bolt misses you.
The skeletal warrior closely misses you.
You hear a shout!
You hear a horrible gurgling sound! x3
You hear an angry hiss.
As you read the scroll of fog, it crumbles to dust.
The scroll dissolves into smoke.
The vault sentinel hits you but does no damage.
You are electrocuted!
The yaktaur shoots a bolt.
The bolt hits you.
The skeletal warrior hits you from afar with a +0 glaive!
The yaktaur captain shoots a bolt.
The bolt hits you but does no damage.
You feel very mighty all of a sudden.
The vault sentinel hits you with a +0 long sword of electrocution.
You are electrocuted!
The yaktaur shoots a bolt.
The bolt completely misses you.
The skeletal warrior hits you from afar with a +0 glaive!
* * * LOW HITPOINT WARNING * * *
The yaktaur captain shoots a bolt.
The bolt hits you!!
* * * LOW HITPOINT WARNING * * *
The vault sentinel blows a loud note on a signal horn!
The skeletal warrior hits you from afar with a +0 glaive!
* * * LOW HITPOINT WARNING * * *
The yaktaur captain shoots a bolt.
The bolt hits you!
You die...

##.......).................#
#.........................#
#......########...........#
#......# #...........#
#......# #...........#
#......# #...........#
#......# #§§§........#
#......# #§§§........#
#......+ #@§§........#
..########cpc........#
.........§z§§........#
......p...p..........#
........[............#
...............[.....
....................
...................
..................


You could see a yaktaur captain (strong), a skeletal warrior (strong), a vault
sentinel (strong, catching breath), an ironbound convoker and a yaktaur
(strong).

Vanquished Creatures
  Mara (Vaults:3)
  Margery (Vaults:2)
  The ghost of Bananafolds the Warrior, an adept NaVM of Cheibriados (D:15)
  Kirke (Lair:6)
  5 thorn hunters
  8 vault wardens
  4 ghost moths
  Louise (Spider:1)
  Aizul (Vaults:1)
  5 emperor scorpions
  3 hydra zombies (Swamp:4)
  3 ghouls (Swamp:2)
  7 ironbound preservers
  2 vampire knights (Swamp:4)
  4 war gargoyles
  3 entropy weavers
  3 bunyips (Swamp:1)
  Azrael (D:14)
  A spark wasp (Spider:4)
  The ghost of reativica the Archer, a journeyman CeHu of Fedhas (Spider:3)
  A dire elephant (Vaults:2)
  5 eleionomae
  2 shambling mangroves (Swamp:4)
  A fire dragon (Lair:6)
  4 yaktaur captains
  2 great orbs of eyes
  5 ironbound thunderhulks
  4 vault guards
  22 hydras
  2 peacekeepers (Vaults:1)
  4 boulder beetles
  A ghost crab (Swamp:3)
  2 ironbound frosthearts
  A catoblepas (Lair:5)
  Erica (Orc:1)
  10 centaur warriors
  2 dancing weapons (D:13)
  5 death yaks (Lair:5)
  2 orc high priests
  3 two-headed ogres
  7 alligators (Swamp:3)
  A tengu warrior (D:15)
  Urug (D:12)
  2 ironbound beastmasters (Vaults:2)
  2 hell knights (Vaults:2)
  8 spriggans
  11 skeletal warriors
  21 deep trolls
  7 goliath frogs (Swamp:1)
  3 spectral hydras (Swamp:4)
  8 spriggan druids
  3 bog bodies
  3 wizards
  5 phantasmal warriors
  4 orc sorcerers
  A lindwurm (Vaults:2)
  A deep elf pyromancer (D:15)
  8 swamp dragons
  4 necromancers
  8 ironbound convokers
  2 fire giant zombies (D:15)
  11 orc knights
  14 orb spiders
  4 cyclopes
  4 will-o-the-wisps
  3 manticores
  3 oklob plants (Swamp:4)
  40 wolf spiders
  A moth of wrath (Spider:4)
  11 ugly things
  A frost giant skeleton (D:15)
  8 elephants
  A guardian serpent (Lair:6)
  Maurice (D:8)
  14 black mambas
  3 gargoyles
  A torpor snail (Lair:5)
  A centaur zombie (D:11)
  7 vault sentinels
  16 cane toads
  4 rime drakes
  An efreet (D:15)
  2 freezing wraiths
  6 komodo dragons
  25 yaktaurs
  8 demonic crawlers
  8 polar bears
  40 jumping spiders
  6 meliai
  15 hornets
  7 tyrant leeches
  5 trolls
  2 death drake skeletons (Swamp:4)
  26 slime creatures
  Prince Ribbit (D:9)
  2 dream sheep (Lair:5)
  21 blink frogs
  An ettin zombie (D:15)
  A hydra skeleton (Swamp:4)
  3 shadows
  51 redbacks
  23 tarantellas
  2 vampires
  A water elemental (D:14)
  13 wyverns
  4 fire elementals
  2 fire bats (Lair:3)
  48 yaks
  3 hogs (Lair:5)
  3 steam dragons
  3 wargs (Orc:1)
  12 vampire mosquitoes
  A human zombie (D:15)
  23 swamp worms
  5 acid dragons
  20 water moccasins
  Duvessa (D:5)
  4 hell hounds
  3 hydra simulacra (Swamp:4)
  9 swamp drakes
  2 black bears
  20 orc warriors
  7 ogres
  2 necrophages (D:5)
  4 boggarts (D:14)
  2 swamp dragon zombies (Swamp:4)
  A swamp dragon skeleton (Swamp:4)
  6 wolves
  11 centaurs
  2 phantoms
  2 kobold brigands
  A gnoll sergeant (D:9)
  3 water moccasin zombies
  9 bullfrogs
  4 scorpions
  A wyvern skeleton (D:6)
  Dowan (D:5)
  5 killer bees (D:9)
  10 howler monkeys
  5 electric eels
  A bullfrog zombie (D:6)
  2 jellies
  3 centaur skeletons
  10 orc priests
  3 gnoll shamans
  7 hounds
  Ijyb (D:5)
  Natasha (thrice) (D:2)
  8 iguanas
  9 orc wizards
  10 hell rats
  A polar bear simulacrum (Lair:4)
  3 yak simulacra (Lair:4)
  3 wolf simulacra (Lair:4)
  3 hound skeletons
  2 mummies (Ossuary)
  3 howler monkey zombies
  26 gnolls
  5 adders
  A river rat (Sewer)
  A shadow imp (D:8)
  An ufetubus (D:6)
  3 adder zombies (Ossuary)
  2 worms
  3 dart slugs
  48 orcs
  9 endoplasms
  4 giant cockroaches
  11 goblins
  7 hobgoblins
  4 jackals
  3 quokkas
  10 ball pythons
  6 bats
  2 frilled lizards
  3 gnoll zombies (Ossuary)
  3 hobgoblin zombies (Ossuary)
  13 kobolds
  3 kobold zombies (Ossuary)
  5 orc zombies (Ossuary)
  A quokka skeleton (D:4)
  8 rats
  4 river rat simulacra (Lair:4)
1160 creatures vanquished.

Vanquished Creatures (collateral kills)
  Saint Roka (Orc:2)
  Asterion (Spider:3)
  The ghost of belegose the Pandemonic, an adept DjEE of Makhleb (Spider:3)
  2 hell knights (Vaults:2)
  3 orc knights (Bailey)
  A necromancer (D:15)
  2 wolf spiders (Spider:3)
  2 orb spiders
  An orc sorcerer (Orc:2)
  2 jumping spiders (Spider:3)
  A troll (D:11)
  A fire elemental (Lair:3)
  3 vampire mosquitoes (D:15)
  A spriggan simulacrum (D:15)
  A hell hound (Lair:3)
  5 orc warriors (Orc:2)
  A human simulacrum (D:15)
  3 orcs (Bailey)
32 creatures vanquished.

Vanquished Creatures (others)
  An orc sorcerer (Orc:2)
  A bloated husk (Swamp:3)
  A spriggan (Swamp:4)
  A basilisk (Lair:6)
  A vampire mosquito (D:15)
  A swamp drake (Swamp:4)
  2 orc warriors (Orc:2)
  An orc wizard (Orc:2)
  2 orcs (Orc:2)
  5 briar patches
  22 foxfires
  15 fungi
  62 plants
  A withered plant (D:15)
116 creatures vanquished.

Grand Total: 1308 creatures vanquished

Notes
Turn   | Place    | Note
-------+----------+-------------------------------------------
     0 | D:1      | Urokeeper the Minotaur Berserker began the quest for the
                  | Orb.
     0 | D:1      | Reached XP level 1. HP: 19/19 MP: 0/0
   499 | D:1      | Reached XP level 2. HP: 27/27 MP: 1/1
  1133 | D:2      | Noticed Natasha
  1138 | D:2      | Killed Natasha
  1139 | D:2      | Reached skill level 1 in Long Blades
  1139 | D:2      | Reached XP level 3. HP: 33/33 MP: 2/2
  1347 | D:2      | Reached ** piety under Trog
  1565 | D:2      | Reached XP level 4. HP: 38/41 MP: 3/3
  1791 | D:2      | Noticed Natasha
  1795 | D:2      | Killed Natasha
  1796 | D:2      | Reached XP level 5. HP: 44/47 MP: 4/4
  1933 | D:2      | Noticed Natasha
  1941 | D:2      | Killed Natasha
  2501 | D:3      | Found a shimmering blue altar of Sif Muna.
  2833 | D:3      | Reached skill level 5 in Fighting
  3064 | D:3      | Reached XP level 6. HP: 56/56 MP: 5/5
  3108 | D:4      | Reached *** piety under Trog
  3109 | D:4      | Found a glowing drain.
  3125 | Sewer    | Entered a sewer
  3340 | Sewer    | Found a white marble altar of Elyvilon.
  3523 | D:4      | Found a staircase to the Ecumenical Temple.
  3587 | D:4      | Found an iron altar of Okawaru.
  3600 | D:4      | Reached skill level 5 in Long Blades
  3988 | D:4      | Found an ornate altar of the Wu Jian Council.
  3991 | D:4      | Found a hazy altar of Hepliaklqana.
  3992 | D:4      | Found a burning altar of Makhleb.
  3994 | D:4      | Found a broken altar of Ashenzari.
  4055 | D:4      | Noticed a wyvern
  4062 | D:4      | Killed a wyvern
  4063 | D:4      | Reached skill level 5 in Armour
  4063 | D:4      | Reached XP level 7. HP: 62/62 MP: 6/6
  4292 | D:5      | Entered Level 5 of the Dungeon
  4541 | D:5      | Noticed Ijyb
  4551 | D:5      | Killed Ijyb
  5032 | D:5      | Reached XP level 8. HP: 70/71 MP: 7/7
  5198 | D:5      | Noticed Dowan
  5209 | D:5      | Noticed Duvessa
  5226 | D:5      | Killed Dowan
  5230 | D:5      | Killed Duvessa
  5610 | D:5      | Gained mutation: You are strong-willed. (Will+) [potion of
                  | mutation]
  5610 | D:5      | Gained mutation: Your spells are a little harder to cast,
                  | but a little more powerful. [potion of mutation]
  5610 | D:5      | Gained mutation: Your system is resistant to poisons.
                  | (rPois) [potion of mutation]
  5610 | D:5      | Gained mutation: You passively dampen the noise of your
                  | surroundings. [potion of mutation]
  6488 | D:6      | Reached XP level 9. HP: 64/81 MP: 8/8
  6493 | D:6      | Reached **** piety under Trog
  7080 | D:6      | Identified the +9 dagger of Kuekid {vorpal, rF- MP+9 Str+3}
  7390 | D:7      | Reached skill level 10 in Long Blades
  7441 | D:7      | Noticed a gargoyle
  7453 | D:7      | Killed a gargoyle
  7640 | D:7      | Identified the +9 trident "Iraxtin" {vorpal, rPois Dex+7}
  7937 | D:8      | Reached skill level 1 in Polearms
  7947 | D:8      | Found Codergh's Demolitions Depot.
  7994 | D:8      | Reached skill level 2 in Polearms
  8135 | D:8      | Reached skill level 3 in Polearms
  8289 | D:8      | Found a sand-covered staircase.
  8299 | Ossuary  | Entered an ossuary
  8400 | Ossuary  | Reached skill level 4 in Polearms
  8459 | Ossuary  | Identified 2 scrolls of acquirement
  8459 | Ossuary  | Acquired a manual of Fighting
  8497 | D:8      | Noticed Maurice
  8507 | D:8      | Killed Maurice
  8508 | D:8      | Reached skill level 5 in Dodging
  8508 | D:8      | Reached XP level 10. HP: 91/91 MP: 9/9
  8748 | D:9      | Reached skill level 10 in Fighting
  8748 | D:9      | Reached skill level 5 in Polearms
  8964 | D:9      | Noticed Prince Ribbit
  8967 | D:9      | Killed Prince Ribbit
  9101 | D:9      | Reached ***** piety under Trog
  9195 | D:9      | Reached skill level 6 in Polearms
  9470 | D:9      | Noticed a two-headed ogre
  9476 | D:9      | Killed a two-headed ogre
  9753 | D:9      | Acquired a manual of Armour
  9787 | D:10     | Entered Level 10 of the Dungeon
  9800 | D:10     | Reached skill level 7 in Polearms
  9807 | D:10     | Reached skill level 10 in Armour
 10003 | D:10     | Reached XP level 11. HP: 91/104 MP: 10/10
 10259 | D:10     | Identified the +7 trident of the Shoals {distort, Dex+7}
 10445 | D:10     | Found a staircase to the Lair.
 10463 | D:10     | Noticed a two-headed ogre
 10474 | D:10     | Killed a two-headed ogre
 10803 | D:10     | Found a hide-covered altar of Uskayaw.
 10820 | D:10     | Found a shadowy altar of Dithmenos.
 10861 | D:10     | Reached skill level 8 in Polearms
 11622 | D:11     | Found a flagged portal.
 11633 | Bailey   | Entered a bailey
 11782 | Bailey   | Received a gift from Trog
 11884 | Bailey   | Noticed an orc knight
 11894 | Bailey   | Killed an orc knight
 12022 | Bailey   | Noticed an orc knight
 12023 | Bailey   | Noticed an orc knight
 12036 | Bailey   | Killed an orc knight
 12037 | Bailey   | Killed an orc knight
 12038 | Bailey   | Reached skill level 9 in Polearms
 12275 | Bailey   | Reached skill level 12 in Polearms
 12275 | Bailey   | Reached XP level 12. HP: 116/116 MP: 11/11
 12308 | D:11     | Noticed an eight-headed hydra
 12314 | D:11     | Killed an eight-headed hydra
 12388 | D:11     | Noticed a seven-headed hydra
 12404 | D:11     | Reached skill level 13 in Polearms
 12590 | D:11     | Noticed a two-headed ogre
 12595 | D:11     | Killed a two-headed ogre
 12757 | D:11     | Found a staircase to the Orcish Mines.
 12855 | D:11     | Killed a seven-headed hydra
 13010 | D:11     | Identified the +1 robe of Intercession {Int+3}
 13129 | Lair:1   | Entered Level 1 of the Lair of Beasts
 13220 | Lair:1   | Reached XP level 13. HP: 111/125 MP: 12/12
 13285 | Lair:1   | Reached skill level 15 in Fighting
 14384 | Lair:2   | You fall into a shaft and drop 1 floor!
 14413 | Lair:3   | Found a transporter.
 14432 | Lair:3   | Reached skill level 14 in Polearms
 14436 | Lair:3   | Found a hole to the Spider Nest.
 14560 | Lair:3   | Received a gift from Trog
 14570 | Lair:3   | Found a staircase to the Swamp.
 14889 | Lair:3   | Found a transporter.
 15772 | Lair:4   | Reached skill level 15 in Armour
 16898 | Lair:5   | Reached skill level 15 in Polearms
 16898 | Lair:5   | Reached XP level 14. HP: 138/138 MP: 13/13
 17905 | Lair:6   | Entered Level 6 of the Lair of Beasts
 17955 | Lair:6   | Identified the +1 scale mail of Misanthropy {Regen+}
 17974 | Lair:6   | Noticed Kirke
 18304 | Lair:6   | Killed Kirke
 18781 | Lair:6   | Reached ****** piety under Trog
 18794 | Lair:6   | Received a gift from Trog
 18804 | Lair:6   | Reached skill level 10 in Dodging
 18834 | Lair:6   | Reached skill level 16 in Polearms
 18948 | Lair:6   | Found a staircase to the Slime Pits.
 19940 | D:12     | Noticed Urug
 19946 | D:12     | Killed Urug
 20252 | D:12     | Reached XP level 15. HP: 143/147 MP: 14/14
 20388 | D:12     | Received a gift from Trog
 20924 | D:13     | Found a gate to the Vaults.
 21637 | D:14     | Reached skill level 17 in Polearms
 22271 | D:14     | Found a broken altar of Ashenzari.
 22446 | D:14     | Noticed Azrael
 22473 | D:14     | Killed Azrael
 22817 | D:15     | Entered Level 15 of the Dungeon
 22890 | D:15     | Found a staircase to the Depths.
 23122 | D:15     | Found a sacrificial altar of Ru.
 23241 | D:15     | Found a transporter.
 23550 | D:15     | Received a gift from Trog
 23892 | D:15     | Noticed Bananafolds's ghost (adept NaVM)
 23894 | D:15     | Found a transporter.
 24361 | Swamp:1  | Entered Level 1 of the Swamp
 24537 | Swamp:1  | Reached skill level 18 in Polearms
 25042 | Swamp:1  | Noticed a thorn hunter
 25233 | Swamp:1  | Reached XP level 16. HP: 157/157 MP: 15/15
 25394 | Swamp:1  | Killed a thorn hunter
 25953 | Swamp:1  | Acquired 796 gold pieces
 26477 | Swamp:2  | Reached skill level 19 in Polearms
 27365 | Swamp:3  | Received a gift from Trog
 27879 | Swamp:3  | Reached skill level 20 in Polearms
 28090 | Swamp:4  | Entered Level 4 of the Swamp
 29510 | Swamp:4  | Received a gift from Trog
 29688 | Swamp:4  | Reached skill level 21 in Polearms
 30456 | Swamp:4  | Reached XP level 17. HP: 143/162 MP: 16/16
 30890 | Swamp:4  | Found a basalt altar of Yredelemnul.
 31232 | Swamp:4  | Found a blossoming altar of Fedhas.
 31288 | Swamp:4  | Reached skill level 22 in Polearms
 31761 | Swamp:4  | Got a decaying rune of Zot
 31981 | Orc:1    | Entered Level 1 of the Orcish Mines
 32017 | Orc:1    | Found Veofu's General Store.
 32038 | Orc:1    | Found Ybohyaga's Assorted Antiques.
 32038 | Orc:1    | Noticed Erica
 32053 | Orc:1    | Killed Erica
 32604 | Orc:2    | Entered Level 2 of the Orcish Mines
 32610 | Orc:2    | Noticed Saint Roka
 32704 | Orc:2    | Found a flickering gateway to a bazaar.
 32713 | Bazaar   | Entered a bazaar
 32713 | Bazaar   | Found Qiukeny's Distillery.
 32745 | Bazaar   | Found Leesik's Antique Armour Boutique.
 32756 | Bazaar   | Found Tiolleost's Antique Weapon Emporium.
 32766 | Bazaar   | Found Mufo's Book Emporium.
 32777 | Bazaar   | Found Bissiptu's General Store.
 32852 | Orc:2    | Found a staircase to the Elven Halls.
 33094 | Orc:2    | Killed Saint Roka
 33136 | Orc:2    | Found Lopa's Antique Weapon Shop.
 33152 | Orc:2    | Received a gift from Trog
 33279 | Orc:2    | Found Omi Nyud's Antique Armour Shop.
 33285 | Orc:2    | Bought a glowing plate armour for 780 gold pieces
 33352 | Orc:2    | Found Ygyclib's Jewellery Shop.
 33457 | Orc:2    | Found Kufan's General Store.
 33663 | Spider:1 | Entered Level 1 of the Spider Nest
 33783 | Spider:1 | Reached skill level 23 in Polearms
 34188 | Spider:1 | Noticed Louise
 34203 | Spider:1 | Killed Louise
 34358 | Spider:1 | Received a gift from Trog
 34724 | Spider:1 | Identified the +1 leather armour of Evolution {rCorr}
 35527 | Spider:2 | Reached skill level 24 in Polearms
 35601 | Spider:2 | Lost mutation: Your spells are a little harder to cast, but
                  | a little more powerful. [potion of mutation]
 35601 | Spider:2 | Lost mutation: You are strong-willed. (Will+) [potion of
                  | mutation]
 35601 | Spider:2 | Gained mutation: You occasionally shout uncontrollably at
                  | your foes. [potion of mutation]
 35601 | Spider:2 | Gained mutation: You passively map a small area around you.
                  | [potion of mutation]
 35602 | Spider:2 | Lost mutation: You occasionally shout uncontrollably at
                  | your foes. [potion of mutation]
 35602 | Spider:2 | Lost mutation: Your system is resistant to poisons. (rPois)
                  | [potion of mutation]
 35602 | Spider:2 | Gained mutation: Your magical capacity is low. (-10% MP)
                  | [potion of mutation]
 35603 | Spider:2 | Lost mutation: Your magical capacity is low. (-10% MP)
                  | [potion of mutation]
 35603 | Spider:2 | Lost mutation: You passively map a small area around you.
                  | [potion of mutation]
 35603 | Spider:2 | Gained mutation: You are frail. (-10% HP) [potion of
                  | mutation]
 35603 | Spider:2 | Gained mutation: Your magical capacity is low. (-10% MP)
                  | [potion of mutation]
 35603 | Spider:2 | Gained mutation: You are clumsy. (Dex -2) [potion of
                  | mutation]
 35603 | Spider:2 | Gained mutation: You are partially covered in iridescent
                  | scales. (AC +2) [potion of mutation]
 35604 | Spider:2 | Lost mutation: You are frail. (-10% HP) [potion of
                  | mutation]
 35604 | Spider:2 | Lost mutation: You are partially covered in iridescent
                  | scales. (AC +2) [potion of mutation]
 35604 | Spider:2 | Lost mutation: Your magical capacity is low. (-10% MP)
                  | [potion of mutation]
 35604 | Spider:2 | Gained mutation: Your spells are a little harder to cast,
                  | but a little more powerful. [potion of mutation]
 35604 | Spider:2 | Gained mutation: Your spells are harder to cast, but more
                  | powerful. [potion of mutation]
 35605 | Spider:2 | Lost mutation: You passively dampen the noise of your
                  | surroundings. [potion of mutation]
 35605 | Spider:2 | Lost mutation: You are clumsy. (Dex -2) [potion of
                  | mutation]
 35605 | Spider:2 | Lost mutation: Your spells are harder to cast, but more
                  | powerful. [potion of mutation]
 35605 | Spider:2 | Gained mutation: You are partially covered in iridescent
                  | scales. (AC +2) [potion of mutation]
 35605 | Spider:2 | Gained mutation: You expend magic power (3 MP) to
                  | strengthen your wands. [potion of mutation]
 35619 | Spider:2 | Lost mutation: You are partially covered in iridescent
                  | scales. (AC +2) [potion of mutation]
 35619 | Spider:2 | Lost mutation: Your spells are a little harder to cast, but
                  | a little more powerful. [potion of mutation]
 35619 | Spider:2 | Gained mutation: Your flesh is cold resistant. (rC+)
                  | [potion of mutation]
 35619 | Spider:2 | Gained mutation: You have large cloven feet. [potion of
                  | mutation]
 35620 | Spider:2 | Lost mutation: You expend magic power (3 MP) to strengthen
                  | your wands. [potion of mutation]
 35620 | Spider:2 | Gained mutation: You expend magic power (3 MP) to
                  | strengthen your wands. [potion of mutation]
 35620 | Spider:2 | Gained mutation: You are partially covered in iridescent
                  | scales. (AC +2) [potion of mutation]
 35629 | Spider:3 | Noticed Asterion
 35637 | Spider:3 | Killed Asterion
 35681 | Spider:3 | Found a runed translucent gate.
 35681 | Spider:3 | Found a runed translucent gate.
 35683 | Spider:3 | Found a runed translucent gate.
 35714 | Spider:3 | Identified the ring of the Pariah {rPois AC+4 Int+2 Slay-4}
 35890 | Spider:3 | Reached XP level 18. HP: 165/172 MP: 17/17
 36293 | Spider:3 | Noticed belegose's ghost (adept DjEE)
 36293 | Spider:3 | Noticed reativica's ghost (journeyman CeHu)
 36306 | Spider:3 | Killed reativica's ghost
 36309 | Spider:3 | Killed belegose's ghost
 36469 | Spider:4 | Entered Level 4 of the Spider Nest
 36988 | Spider:4 | Reached skill level 25 in Polearms
 37347 | Spider:4 | Received a gift from Trog
 37717 | Spider:4 | Got a gossamer rune of Zot
 38132 | D:15     | Killed Bananafolds's ghost
 38144 | D:15     | Identified the ring "Kaodoigiab" {rCorr Str+6 Int+3}
 38273 | D:15     | Identified the ring of Qaigej {rN++ AC+4 Int+7}
 38345 | Vaults:1 | Entered Level 1 of the Vaults
 38395 | Vaults:1 | Paralysed by a great orb of eyes for 2 turns
 38598 | Vaults:1 | Reached skill level 26 in Polearms
 38833 | Vaults:1 | Noticed Aizul
 38847 | Vaults:1 | Killed Aizul
 39229 | Vaults:1 | Reached XP level 19. HP: 179/181 MP: 18/18
 39759 | Vaults:2 | Received a gift from Trog
 39799 | Vaults:2 | Found a flickering gateway to a bazaar.
 40255 | Vaults:2 | Noticed Margery
 40274 | Vaults:2 | Killed Margery
 41161 | Vaults:3 | Noticed Mara
 41179 | Vaults:3 | Killed Mara
 41305 | Vaults:3 | HP: 5/184 [skeletal warrior (12)]
 41305 | Vaults:3 | Shot with a bolt by a yaktaur captain

Illustrated notes

Levels and vault maps discovered:
D:1:      dpeg_arrival_snail, layout_loops_ring, minmay_tromino_v4_a
D:2:      layout_loops_corners, dk_noncrumbling_2,
          chequers_serial_rivers_micro_a, minmay_quadrilaterals, uniq_natasha
D:3:      layout_basic, mainiacjoe_overflow_alcove_2
D:4:      layout_loops_cross, minitemple, okawaru_trees_1,
          lemuel_temple_firewalk_a, portal_sewer_entry_a
D:5:      layout_cave_pods, uniq_duvessa, uniq_ijyb
D:6:      layout_loops_corners
D:7:      layout_rooms
D:8:      layout_rooms, enter_ossuary_1, nicolae_blasting_shop, uniq_maurice
D:9:      layout_loops_corners, uniq_prince_ribbit1
D:10:     layout_basic, mainiacjoe_overflow_big_doors, erik_lair_island
D:11:     layout_loops_cross, orc_0_dummy, enter_bailey_5
D:12:     layout_stronghold, uniq_urug
D:13:     layout_small_grid, erik_vaults_1
D:14:     layout_rooms, serial_bayou, serial_bayou_pond_a, serial_bayou_pond_d,
          serial_bayou_lake_a, serial_bayou_pond_e, nicolae_ashenzari_skybound,
          chequers_serial_rivers_micro_e, uniq_azrael
D:15:     gammafunk_depths_entry_grave, layout_cave_pods,
          gammafunk_ghost_mausoleum, nicolae_ru_sacrificial_ziggurat
Lair:1:   layout_cave_pods, infiniplex_staircase_pool
Lair:2:   layout_gridlike
Lair:3:   gammafunk_cloud_chamber, layout_hall_layers,
          skrybe_swamp_entry_bodies, spider_nest_entry_webs
Lair:4:   layout_misc_corridors, eino_house_with_fridge, grunt_megastairs_5,
          infiniplex_staircase_pool_2, serial_bayou_shore_b
Lair:5:   layout_regular_city, cheibrodos_lair_lostbears
Lair:6:   hangedman_lair_tendril_chambers, layout_regular_city,
          guppyfry_lair_end_dragon, slime_dummy, uniq_kirke
Swamp:1:  layout_basic_swamp, evilmike_swamp_ruin_house_5,
          nicolae_swamp_no_escape
Swamp:2:  layout_basic_swamp, evilmike_swamp_ruin_house_2, swamp_pool1,
          nicolae_swamp_orc_logging_accident
Swamp:3:  layout_basic_swamp, serial_swamp_ruin, hangedman_swamp_ruin_wall,
          evilmike_swamp_ruin_house_1, evilmike_swamp_ruin_rubble_1
Swamp:4:  byrel_swamp_growth_death_and_undeath, layout_basic_swamp, swamp_pool5
Spider:1: layout_spider_delve, nicolae_spider_twisty_arc_passages, uniq_louise
Spider:2: layout_spider_delve
Spider:3: layout_spider_delve, gammafunk_ghost_cemetery, uniq_asterion
Spider:4: grunt_spider_rune_parallel
Orc:1:    layout_diamond_mine, serial_shops, nicolae_square_shop,
          nicolae_shop_stone, shop, shop, guppyfry_orc_lava_fort, uniq_erica
Orc:2:    grunt_orc_cross, layout_caves, serial_shops, freezing_bzr,
          mines2_lemuel
Vaults:1: v_misc_19, ontoclasm_vaults_ligature, ontoclasm_vaults_idyll,
          v_pattern_3, hangedman_vaults_restitches,
          nicolae_vaults_ninety_degrees, layout_vaults_big_room, uniq_aizul
Vaults:2: ontoclasm_vaults_gateway, nicolae_vaults_little_ls,
          nicolae_vaults_display_case, v_misc_11,
          nicolae_vaults_yaktaur_gun_rack, nicolae_vaults_little_squares_4,
          layout_vaults_omnigrid, serial_shops, bzr_in_the_mist, uniq_margery
Vaults:3: dpeg_vaults_waves, v_misc_18, nicolae_vaults_big_ls,
          hangedman_vaults_pinch, vaults_dpeg_ring,
          minmay_crypt_entry_skeletal_spiral, serial_ice_h, vaults_room_fours,
          nicolae_vaults_windows_and_doors_thing, hangedman_vaults_snaps,
          layout_vaults_omnibox, uniq_bai_suzhen, uniq_mara

Skill      XL: |  1  2  3  4  5  6  7  8  9 10 11 12 13 14 15 16 17 18 19 |
---------------+----------------------------------------------------------+-----
Maces & Flails | 4 |  4.3
Fighting       | 4 5 6 7 9 12 13 14 16 17 18 19 | 19.7
Long Blades    | 1 2 3 4 5 7 9 10 | 10.4
Armour         | 3 4 5 7 8 10 12 13 16 17 18 19 20 | 20.3
Dodging        | 5 6 7 9 10 11 12 14 | 14.3
Polearms       | 4 7 12 13 15 16 18 21 24 26 | 26.0

Action                   |  1- 3 |  4- 6 |  7- 9 | 10-12 | 13-15 | 16-18 | 19-21 || total
-------------------------+-------+-------+-------+-------+-------+-------+-------++-------
Melee: Mace              |    35 |       |       |       |       |       |       ||    35
       Headbutt          |    14 |    15 |    45 |    68 |   356 |   295 |    73 ||   866
       Scimitar          |    24 |   107 |   185 |       |       |       |       ||   316
       Trident           |       |       |    89 |   336 |  1182 |    42 |       ||  1649
       Unarmed           |       |       |       |       |     3 |       |       ||     3
       Bardiche          |       |       |       |       |       |  1214 |   314 ||  1528
Invok: Berserk           |     2 |     2 |     5 |     7 |     4 |    17 |     2 ||    39
       Trog's Hand       |       |       |     1 |     1 |     3 |    13 |     4 ||    22
       Brothers in Arms  |       |       |       |     3 |     2 |    14 |     3 ||    22
Evoke: Wand              |       |       |       |     7 |       |     1 |       ||     8
  Use: Scroll            |       |     2 |    13 |    11 |    13 |    13 |     3 ||    55
       Potion            |       |       |     7 |     3 |     4 |    16 |     1 ||    31
 Stab: Sleeping          |       |     1 |       |       |       |       |       ||     1
       Distracted        |       |       |       |     1 |       |     3 |     1 ||     5
Armor: Animal skin       |    13 |     3 |       |       |       |       |       ||    16
       Ring mail         |       |    32 |       |       |       |       |       ||    32
       Chain mail        |       |     8 |    66 |       |       |       |       ||    74
       Skin              |       |       |     3 |       |       |       |       ||     3
       Plate armour      |       |       |    44 |    93 |   285 |  1105 |   133 ||  1660
Dodge: Dodged            |    38 |    77 |   113 |   211 |   533 |   831 |   105 ||  1908
Block: Other             |       |       |       |       |    99 |   127 |       ||   226
       Reflection        |       |       |       |       |     9 |     2 |       ||    11
       Rpst.: Scimitar   |     3 |    16 |     9 |       |       |       |       ||    28
